AoeStats
← MattAtArms

Arabia

506919763Analyzed
1v1 RM · 17d ago on Sep 15, 2026· 33m 49s· 2 players
Game mode
Random Map
Map size
Tiny (2 player)
Population
200
Speed
Normal
Resources
Standard
Victory
Conquest
Starting age
Dark Age
Ending age
Imperial Age
RankedLock teamsTeams togetherTeam positionsShared explorationLock speedFull tech treeHidden civsTurbo modeCheats
Victory
Defeat
🇬🇧 Chinese · United Kingdom
1926
+6
🇦🇷 Celts · Argentina
1680
-6
MattAtArms
0:25 Loom
8:26 Feudal Age
11:09 Double-Bit Axe
14:24 Fletching
21:49 Castle Age
20:01 Gold Mining
20:03 Horse Collar
20:38 Padded Archer Armor
22:32 Bodkin Arrow
22:03 Crossbowman
25:50 Ballistics
25:59 Bow Saw
29:02 Wheelbarrow
32:15 Hand Cart
31:45 Town Watch
ESTG | Zenov
5:57 Loom
8:50 Feudal Age
8:57 Man-at-Arms
12:42 Fletching
15:45 Padded Archer Armor
21:14 Castle Age
19:32 Double-Bit Axe
21:16 Crossbowman
21:56 Bodkin Arrow
21:26 Crossbowman
25:34 Bow Saw
27:35 Wheelbarrow
33:07 Ballistics
Connection lost

Rejoining the realm…

Still unreachable

The connection could not be restored.

Session expired

The server has moved on; the page needs a fresh start.